Map: Lightshade LE

Players

Cham - Winner!

  • Race: Zerg Zerg

Kelazhur

  • Race: Terran Terran

Event: DreamHack SC2 Masters 2021 Fall

VOD

Have the link to the VOD?

Description

Time

  • Played on: July 30, 2021, 4:21 p.m.
  • Length: 5:21

All games in this series

Show
View Real Time Build Order
Export as new Build Order

Cham Zerg - Winner!

Build Orders: Hatch First, Roach Nydus 

Get SALT Encoding   

  12  0:00  Drone  
  13  0:12  Overlord  
  13  0:19  Drone  
  14  0:31  Drone x2  
  16  0:48  Hatchery  
  15  0:51  Drone  
  15  0:55  Drone  
  17  1:00  Drone  
  18  1:12  Spawning Pool  
  18  1:14  Extractor  
  18  1:16  Drone  
  17  1:19  Drone  
  18  1:28  Drone  
  19  1:39  Drone  
  20  1:49  Drone  
  21  1:59  Queen x2  
  25  2:03  Roach Warren  
  24  2:09  Drone  
  24  2:12  Extractor  
  24  2:17  Overlord  
  24  2:24  Zergling x4  
  26  2:34  Drone  
  26  2:36  Lair  
  27  2:47  Roach  
  27  2:49  Roach x2  
  27  2:50  Roach  
  31  3:00  Roach  
  32  3:06  Roach  
  34  3:31  Overlord  
  34  3:34  Nydus Network  
  33  3:39  Overlord  
  33  3:40  Overlord  
  33  3:50  Roach  
  33  3:53  Roach  
  37  4:07  Roach  
  39  4:10  Nydus Canal  
  39  4:15  Roach  
  41  4:24  Nydus Canal  
  41  4:27  Roach x2  
  41  4:29  Roach  
  47  4:38  Roach  
  49  4:43  Nydus Canal  
  49  4:50  Roach  
  49  5:01  Roach  
  51  5:17  Ravager  
Show
View Real Time Build Order
Export as new Build Order

Kelazhur Terran 

Build Orders:  

Get SALT Encoding   

  12  0:00  SCV  
  13  0:12  SCV  
  14  0:17  Supply Depot  
  14  0:24  SCV  
  15  0:40  Barracks  
  15  0:50  Barracks  
  15  0:53  SCV  
  16  1:06  SCV  
  17  1:18  SCV  
  18  1:26  Marine  
  18  1:30  Orbital Command  
  19  1:41  Marine  
  19  1:44  Marine  
  21  1:50  Bunker x3  
  21  1:58  Marine  
  22  2:02  Marine  
  22  2:05  Supply Depot  
  22  2:07  Refinery  
  23  2:26  Marine x2, SCV  
  26  2:30  Supply Depot  
  26  2:38  SCV  
  26  2:44  Marine x2  
  27  2:50  SCV  
  29  3:02  Marine x2  
  29  3:03  SCV  
  32  3:14  Factory  
  32  3:15  SCV  
  32  3:19  Marine x2  
  36  3:27  SCV  
  36  3:37  Command Center  
  36  3:38  Supply Depot  
  36  3:39  SCV  
  37  3:41  Marine  
  38  3:51  SCV  
  39  4:00  Marine  
  39  4:02  Starport, Factory Tech Lab  
  40  4:03  SCV  
  41  4:16  SCV  
  42  4:18  Marine  
  43  4:32  Bunker  
  43  4:33  Bunker  
  43  4:41  Siege Tank  
  46  4:47  SCV  
  46  4:49  Refinery  
  39  5:00  SCV  

Tags
 
Add a new tag
Caveats
  • Supply blocks, unpowered buildings, or Contaminate may cause inaccurate times.
  • Supply counts are checked every 10 seconds.